 Dungeon Sprint DCSS version 0.19.4-9-g45fd643 (webtiles) character file.

58 protoss039 the Skirmisher (level 4, -2/31 HPs)
             Began as a Gargoyle Fighter on Feb 21, 2017.
             Killed from afar by an oklob sapling priest (3 damage)
             ... with a splash of acid
             ... in the Dungeon (Sprint IV: "Fedhas' Mad Dash").
             The game lasted 00:01:04 (138 turns).

protoss039 the Skirmisher (Gargoyle Fighter)         Turns: 138, Time: 00:01:05

Health: -2/31      AC: 11    Str: 21    XL:     4   Next: 1%
Magic:  3/4        EV:  7    Int:  8    God:
Gold:   52         SH: 10    Dex:  9    Spells: 0 memorised, 3 levels left

rFire  . . .     SeeInvis .     a - +0 flail
rCold  . . .     Gourm    .     b - +0 scale mail
rNeg   + . .     Faith    .     c - +0 shield
rPois  ∞         Spirit   .     (no helmet)
rElec  +         Reflect  .     (no cloak)
rCorr  .         Harm     .     (no gloves)
MR     .....     NoTele   +     (no boots)
Stlth  ..........               m - amulet of invisibility {+Inv}
                                (no ring)
                                (no ring)

@: very slightly contaminated, invisible (expiring)
A: negative energy resistance 1, electricity resistance, unbreathing,
petrification resistance, rot immunity, AC +3
a: Turn Visible


You were in the Dungeon.
You were not hungry.

You visited 1 branch You collected 52 gold pieces.

Inventory:

Hand Weapons
 a - a +0 flail (weapon)
 n - a +0 mace
Armour
 b - a +0 scale mail (worn)
 c - a +0 shield (worn)
Jewellery
 m - the amulet of invisibility (around neck) {+Inv}
   (You found it in the Dungeon)

   [amulet of nothing]

   It lets you turn invisible.
Scrolls
 k - a scroll of blinking
 l - a scroll of identify {unknown}
Potions
 d - a potion of might
 e - a potion of curing
 g - a potion of heal wounds
 h - a potion of haste
 i - 2 potions of magic
 j - a potion of berserk rage
Comestibles
 f - a bread ration


   Skills:
 + Level 5.5 Fighting
 + Level 3.3 Maces & Flails
 + Level 5.3 Armour
 + Level 5.4 Shields


You had 3 spell levels left.
You didn't know any spells.

Dungeon Overview and Level Annotations

Branches:
Dungeon (1/1)

Altars:
Cheibriados
Dithmenos
Elyvilon
Gozag
Hepliaklqana
Kikubaaqudgha
Makhleb
Nemelex Xobeh
Okawaru
Qazlal
Ru
Sif Muna
Trog
Uskayaw
Vehumet
Xom
Yredelemnul
Zin
The Shining One
Beogh
Jiyva
Lugonu

Annotations:
D exclusion: oklob sapling


Innate Abilities, Weirdness & Mutations

You are resistant to torment.
Your stone body is resilient. (AC +3)
You are immune to poison.
You resist negative energy. (rN+)
You are resistant to electric shocks. (rElec)
You can survive without breathing.
You are immune to petrification.
You are immune to rotting.


Message History

The oklob sapling priest spits acid at you.
The splash of acid misses you.
You hit the oklob sapling priest but do no damage.
You hit the oklob sapling priest.
The oklob sapling priest is lightly damaged.
The oklob sapling priest spits acid at you.
The splash of acid hits you!
You are splashed with acid!
The acid burns!
You sock the oklob sapling priest!
The oklob sapling priest is heavily damaged.
You flicker for a moment.
You hit the oklob sapling priest.
The oklob sapling priest is heavily damaged.
The oklob sapling priest mumbles some strange prayers to its god against you.
Something smites you!
* * * LOW HITPOINT WARNING * * *
You sock the oklob sapling priest!
The oklob sapling priest is almost destroyed.
The oklob sapling priest spits acid at you.
The splash of acid hits you!
You die...

########################
....#.....#.⌠._._._._.⌠.
)...'.#...'.._._@_._._..
....#.#...#..._._P_._...
########+##.._._._._._..
#.⌠._._._._.⌠.
##############


You could see an oklob sapling priest.

Vanquished Creatures
  An oklob sapling (D)
  A worker ant (D)
  A river rat (D)
  A rat (D)
4 creatures vanquished.

Notes
Turn   | Place    | Note
-------+----------+-------------------------------------------
     0 | D        | protoss039 the Gargoyle Fighter began the quest for the Orb.
     0 | D        | Reached XP level 1. HP: 14/14 MP: 1/1
    10 | D        | Reached XP level 2. HP: 16/20 MP: 2/2
    18 | D        | Noticed an oklob sapling
    73 | D        | Killed an oklob sapling
    73 | D        | Reached skill level 5 in Fighting
    73 | D        | Reached XP level 3. HP: 26/26 MP: 3/3
    82 | D        | Reached skill level 5 in Armour
    82 | D        | Reached skill level 5 in Shields
    82 | D        | Reached XP level 4. HP: 27/31 MP: 4/4
   118 | D        | Found an opulent altar of Gozag.
   118 | D        | Found a hazy altar of Hepliaklqana.
   118 | D        | Found a roughly hewn altar of Beogh.
   118 | D        | Found a snail-covered altar of Cheibriados.
   127 | D        | Found a viscous altar of Jiyva.
   127 | D        | Found a burning altar of Makhleb.
   127 | D        | Found a sparkling altar of Nemelex Xobeh.
   127 | D        | Found a sacrificial altar of Ru.
   127 | D        | Found a deep blue altar of Sif Muna.
   127 | D        | Found a bloodstained altar of Trog.
   127 | D        | Found a shimmering altar of Xom.
   127 | D        | Found a basalt altar of Yredelemnul.
   127 | D        | Noticed an oklob sapling priest
   128 | D        | Found an iron altar of Okawaru.
   128 | D        | Found a shadowy altar of Dithmenos.
   128 | D        | Found a glowing silver altar of Zin.
   129 | D        | Found an ancient bone altar of Kikubaaqudgha.
   129 | D        | Found a hide-covered altar of Uskayaw.
   130 | D        | Found a white marble altar of Elyvilon.
   130 | D        | Found a stormy altar of Qazlal.
   130 | D        | Found a glowing golden altar of the Shining One.
   131 | D        | Found a corrupted altar of Lugonu.
   131 | D        | Found a radiant altar of Vehumet.
   137 | D        | HP: 1/31 [oklob sapling priest/divine providence (13)]
   138 | D        | Killed from afar by an oklob sapling priest

Skill      XL: |  1  2  3 |
---------------+----------+-----
Fighting       | 4 5 |  5.5
Armour         | 4 5 |  5.3
Shields        | 4 5 |  5.4
Maces & Flails | 3 |  3.3

Action                   |  1- 3 |  4- 6 || total
-------------------------+-------+-------++-------
Melee: Flail             |    14 |     5 ||    19
 Abil: Evoke Invisibilit |       |     1 ||     1
Armor: Scale mail        |     6 |       ||     6
Dodge: Dodged            |     5 |     1 ||     6
Block: Shield            |     5 |       ||     5
